 Dungeon Crawl Stone Soup version 0.22-b1-21-g5cfc168 (webtiles) character file.

1913 ultracola the Slicer (level 9, -4/56 HPs)
             Began as an Octopode Fighter on Aug 5, 2018.
             Slain by an unseen horror (8 damage)
             ... on level 7 of the Dungeon.
             The game lasted 00:19:10 (7203 turns).

ultracola the Slicer (Octopode Fighter)             Turns: 7203, Time: 00:19:10

Health: -4/56      AC:  1    Str: 16    XL:     9   Next: 16%
Magic:  27/27      EV: 14    Int: 10    God:
Gold:   297        SH:  5    Dex: 14    Spells: 8/8 levels left

rFire    . . .     SeeInvis .   h - +1 dagger (venom)
rCold    . . .     Gourm    +   j - +0 buckler
rNeg     . . .     Faith    .   (helmet restricted)
rPois    .         Spirit   .   I - amulet of the gourmand
rElec    .         Reflect  .   z - ring of magical power
rCorr    .         Harm     .   G - ring of protection from magic
MR       +....                  A - ring of magical power
Stlth    ++++++....             H - ring of stealth
HPRegen  0.18/turn              (no ring)
MPRegen  0.20/turn              (no ring)
                                (no ring)
                                (no ring)

@: about to teleport
A: almost no armour, stealthy swim, amphibious, 8 rings, constrict 8, camouflage
1, gelatinous body 1
a: no special abilities


You were on level 7 of the Dungeon.
You were not hungry.

You visited 2 branches of the dungeon, and saw 8 of its levels.

You collected 297 gold pieces.

Inventory:

Hand Weapons
 a - a +0 rapier
 h - a +1 dagger of venom (weapon)
 D - a +0 blowgun
Missiles
 g - 169 stones
 i - 4 throwing nets
 m - 58 sling bullets
 v - 5 tomahawks (quivered)
 C - 4 needles of confusion
 E - 24 poisoned needles
Armour
 b - a +0 shield
 j - a +0 buckler (worn)
Jewellery
 z - a ring of magical power (left tentacle)
 A - a ring of magical power (on tentacle)
 G - a ring of protection from magic (right tentacle)
 H - a ring of stealth (on tentacle)
 I - an amulet of the gourmand (around mantle)
Wands
 q - a wand of enslavement (16)
 u - a wand of acid (5)
 y - a wand of iceblast (9)
Scrolls
 k - 2 scrolls of blinking {unknown}
 l - 2 scrolls of remove curse
 n - 2 scrolls of enchant weapon {unknown}
 p - 3 scrolls of teleportation
 t - 2 scrolls of magic mapping {unknown}
 F - a scroll of fear {unknown}
 K - 3 scrolls of random uselessness {unknown}
 M - 2 scrolls of immolation {unknown}
 N - a scroll of enchant armour {unknown}
Potions
 c - a potion of might
 e - 2 potions of magic
 f - a potion of agility {unknown}
 o - 2 potions of berserk rage {unknown}
 r - a potion of resistance {unknown}
 s - 2 potions of curing
 w - 3 potions of mutation
 x - 4 potions of haste
 B - a potion of flight {unknown}
 J - a potion of ambrosia {unknown}
Comestibles
 d - 16 rations


   Skills:
 - Level 3.0 Fighting
 - Level 10.0 Short Blades
 + Level 3.5 Dodging
 + Level 7.3 Stealth
 - Level 4.1 Shields


You had 8 spell levels left.
You didn't know any spells.
Your spell library was empty.

Dungeon Overview and Level Annotations

Branches:
Dungeon (7/15)             Temple (1/1) D:6

Altars:
Ashenzari
Cheibriados
Dithmenos
Elyvilon
Fedhas
Hepliaklqana
Kikubaaqudgha
Makhleb
Okawaru
Qazlal
Ru
Sif Muna
Trog
Uskayaw
Wu Jian
Yredelemnul
Zin


Innate Abilities, Weirdness & Mutations

You cannot wear most types of armour.
You are very stealthy in the water. (Stealth+)
You are amphibious.
You can wear up to eight rings at the same time.
You can use your tentacles to constrict eight enemies at once.
Your skin changes colour to match your surroundings (Stealth+).
Your rubbery body absorbs attacks. (AC +1, EV +1)


Message History

Something hits you!
You hit something. Something hits you!
You hit something but do no damage. Something hits you. Something hits you.
Something completely misses you.
Evoke which item? (* to show all) (? for menu, Esc to quit)
Aiming: Iceblast
Press: ? - help, Shift-Dir - straight line The mass of ice explodes!
You hear a shout! x5
Something hits you.
* * * LOW HITPOINT WARNING * * *
Unknown command.
As you read the scroll of teleportation, it crumbles to dust.
You feel strangely unstable. Something hits you.
* * * LOW HITPOINT WARNING * * *
You block something's attack. Something hits you.
* * * LOW HITPOINT WARNING * * *
Something hits you!
You die...

.. ##.# ... ..
# #.## #.#W.##
#.#...##
#....!.##
#.#.@...#
#.#.[...#
#.#.....#
######.......#
.............#
######.#.####
#.#.# #.#.#
#.#.#


You could see a hungry ghost.

Vanquished Creatures
  Grinder (D:3)
  Edmund (D:4)
  An ice beast (D:5)
  A sky beast (D:5)
  A necrophage (D:5)
  A phantom (D:4)
  2 ogres
  A big kobold (D:5)
  A bullfrog (D:6)
  A wyvern skeleton (D:6)
  2 scorpions (D:6)
  A jelly (D:5)
  A crimson imp (D:5)
  3 orc priests
  3 hounds
  2 bullfrog skeletons
  Ijyb (D:3)
  An iguana (D:5)
  Terence (D:2)
  5 orc wizards
  A hound skeleton (D:6)
  6 adders
  7 gnolls
  2 shadow imps
  An adder skeleton (D:4)
  A worm (D:5)
  A dart slug (D:2)
  2 leopard geckos
  8 orcs
  6 bats
  9 giant cockroaches
  5 goblins
  4 hobgoblins
  5 jackals (D:4)
  3 quokkas
  4 frilled lizards
  A giant cockroach zombie (D:3)
  31 kobolds
  A quokka skeleton (D:6)
  A quokka zombie (D:5)
  9 rats
  4 plants (D:5)
143 creatures vanquished.

Vanquished Creatures (others)
  A kobold (D:5)
1 creature vanquished.

Grand Total: 144 creatures vanquished

Notes
Turn   | Place    | Note
-------+----------+-------------------------------------------
     0 | D:1      | ultracola the Octopode Fighter began the quest for the Orb.
     0 | D:1      | Reached XP level 1. HP: 16/16 MP: 1/1
   146 | D:1      | Reached skill level 1 in Stealth
   183 | D:1      | Reached XP level 2. HP: 17/21 MP: 2/2
   789 | D:2      | Found a bloodstained altar of Trog.
   844 | D:2      | Reached XP level 3. HP: 26/26 MP: 3/3
   877 | D:2      | Found a stormy altar of Qazlal.
   939 | D:2      | Reached skill level 3 in Short Blades
   961 | D:2      | Noticed Terence
   970 | D:2      | Killed Terence
   970 | D:2      | Reached XP level 4. HP: 31/31 MP: 4/4
  1624 | D:2      | Reached XP level 5. HP: 36/36 MP: 5/5
  2084 | D:3      | Noticed Grinder
  2085 | D:3      | Paralysed by Grinder for 5 turns
  2201 | D:3      | Reached skill level 4 in Short Blades
  2433 | D:3      | Noticed Ijyb
  2443 | D:3      | Killed Ijyb
  2443 | D:3      | Reached skill level 5 in Stealth
  2449 | D:3      | Found a sacrificial altar of Ru.
  2748 | D:3      | Killed Grinder
  2748 | D:3      | Reached skill level 5 in Short Blades
  2748 | D:3      | Reached XP level 6. HP: 26/42 MP: 6/6
  3327 | D:4      | Reached XP level 7. HP: 32/46 MP: 7/7
  3592 | D:4      | Noticed Edmund
  3600 | D:4      | Killed Edmund
  3600 | D:4      | Reached skill level 6 in Short Blades
  4177 | D:4      | Reached skill level 7 in Short Blades
  4350 | D:4      | Reached XP level 8. HP: 51/52 MP: 8/8
  4559 | D:5      | Entered Level 5 of the Dungeon
  4564 | D:5      | Reached skill level 8 in Short Blades
  5098 | D:5      | Reached skill level 9 in Short Blades
  6241 | D:6      | Found a staircase to the Ecumenical Temple.
  6254 | Temple   | Entered the Ecumenical Temple
  6597 | D:6      | Reached XP level 9. HP: 49/56 MP: 9/9
  6753 | D:6      | Reached skill level 10 in Short Blades
  7203 | D:7      | Slain by an unseen horror

Skill      XL: |  1  2  3  4  5  6  7  8  9 |
---------------+----------------------------+-----
Stealth        | 1 2 3 4 6 7 |  7.3
Short Blades   | 3 5 7 9 10 | 10.0
Shields        | 4 |  4.1
Fighting       | |  3.0
Dodging        | |  3.5

Action                   |  1- 3 |  4- 6 |  7- 9 || total
-------------------------+-------+-------+-------++-------
Melee: Dagger            |    40 |    88 |   285 ||   413
       Rapier            |     3 |       |       ||     3
       Constrict         |     9 |    24 |    45 ||    78
       Tentacles         |     8 |    15 |    74 ||    97
 Fire: Blowgun           |       |       |     7 ||     7
Throw: Stone             |     2 |    18 |     5 ||    25
Evoke: Wand              |       |     2 |     6 ||     8
  Use: Potion            |       |     1 |     1 ||     2
       Scroll            |       |     3 |     7 ||    10
 Stab: Sleeping          |     6 |    10 |     9 ||    25
       Distracted        |       |       |     1 ||     1
  Eat: Chunk             |       |     6 |    15 ||    21
Armor: Skin              |     1 |     6 |     3 ||    10
Dodge: Dodged            |    21 |    38 |    77 ||   136
Block: Buckler           |     6 |    10 |    30 ||    46
